 Dungeon Crawl Stone Soup version 0.20.1-1-g8b1a95d (webtiles) character file.

60 OneorTwo the Skirmisher (level 3, -1/34 HPs)
             Began as a Minotaur Fighter on Aug 9, 2017.
             Slain by Natasha (8 damage)
             ... on level 2 of the Dungeon.
             The game lasted 00:02:49 (1098 turns).

OneorTwo the Skirmisher (Minotaur Fighter)          Turns: 1098, Time: 00:02:49

Health: -1/34      AC:  9    Str: 21    XL:     3   Next: 82%
Magic:  2/2        EV:  7    Int:  5    God:
Gold:   139        SH:  9    Dex:  9    Spells: 2/2 levels left

rFire    . . .     SeeInvis .   a - +0 flail
rCold    . . .     Gourm    .   c - +0 shield
rNeg     . . .     Faith    .   b - +0 scale mail
rPois    .         Spirit   .   (helmet restricted)
rElec    .         Reflect  .   (no cloak)
rCorr    .         Harm     .   i - +0 pair of gloves
MR       .....                  k - +0 pair of boots
Stlth    ..........             (no amulet)
Regen    0.2/turn               (no ring)
MPRegen  0.1/turn               (no ring)

@: no status effects
A: retaliatory headbutt, horns 2
a: no special abilities


You were on level 2 of the Dungeon.
You were not hungry.

You visited 1 branch of the dungeon, and saw 2 of its levels.

You collected 139 gold pieces.

Inventory:

Hand Weapons
 a - a +0 flail (weapon)
Missiles
 s - 6 javelins (quivered)
Armour
 b - a +0 scale mail (worn)
 c - a +0 shield (worn)
 i - a +0 pair of gloves (worn)
 k - a +0 pair of boots (worn)
Scrolls
 e - a scroll of immolation {unknown}
 g - 2 scrolls of blinking {unknown}
 h - 5 scrolls of identify {unknown}
 n - 2 scrolls of remove curse {unknown}
 o - a scroll of teleportation {unknown}
 p - a scroll of amnesia {unknown}
 q - a scroll of enchant armour {unknown}
Potions
 d - a potion of might
 m - 2 potions of mutation {unknown}
Comestibles
 f - 2 bread rations
 j - 3 royal jellies
 l - a meat ration
 r - 2 chunks of flesh


   Skills:
 + Level 4.4 Fighting
 * Level 4.3 Maces & Flails
 - Level 3.6 Armour
 - Level 3.6 Shields


You had 2 spell levels left.
You didn't know any spells.

Dungeon Overview and Level Annotations

Branches:
Dungeon (2/15)

Altars:
Ashenzari
Trog

Annotations:
D:2 Natasha, Sigmund


Innate Abilities, Weirdness & Mutations

You reflexively headbutt those who attack you in melee.
You have a pair of horns on your head.


Message History

You kill the jackal!
Natasha mumbles some strange words.
You feel disoriented.
You miss the kobold. The kobold hits you but does no damage.
You sock the kobold!
You kill the kobold!
The crimson imp hits you.
You sock the crimson imp!
The crimson imp is almost dead.
The crimson imp blinks!
You miss Natasha. Your headbutt misses Natasha.
The crimson imp blinks!
Natasha claws you! Something hits you!
* * * LOW HITPOINT WARNING * * *
Your shield and scale mail prevent you from hitting Natasha.
You block Natasha's attack. Something hits you.
* * * LOW HITPOINT WARNING * * *
You thump Natasha! Your headbutt misses Natasha.
Natasha is heavily wounded.
Natasha claws you!
You die...

♣P≈♣♣ #.#. ♣♣.P♣## #.#. #
......# #.#. _# ....#.#
#.#.#####.### .(.♣P≈##
#.#........<.
..P≈♣♣P########.#.#.....#.
..♣≈♣≈##......#)#....####
####.≈##......#†###(## #
##.((......(.@h{(.# #
####......######.# .##
#......# #.###....#
#......# #......_..
#...)..# ###..#....
######## ..# . .[.. .....
####?#


You could see Natasha.

Vanquished Creatures
  3 adders (D:2)
  An ooze (D:2)
  A leopard gecko (D:1)
  A giant cockroach (D:2)
  6 goblins
  5 jackals
  3 bats (D:1)
  A frilled lizard (D:1)
  7 kobolds
  A rat (D:1)
29 creatures vanquished.

Notes
Turn   | Place    | Note
-------+----------+-------------------------------------------
     0 | D:1      | OneorTwo the Minotaur Fighter began the quest for the Orb.
     0 | D:1      | Reached XP level 1. HP: 19/19 MP: 0/0
   156 | D:1      | Reached XP level 2. HP: 25/27 MP: 1/1
   934 | D:2      | Reached XP level 3. HP: 29/33 MP: 2/2
  1070 | D:2      | Found a shattered altar of Ashenzari.
  1080 | D:2      | Noticed Natasha
  1081 | D:2      | Found a bloodstained altar of Trog.
  1082 | D:2      | Noticed Sigmund
  1098 | D:2      | Slain by Natasha

Skill      XL: |  1  2  3 |
---------------+----------+-----
Maces & Flails | 3 4 |  4.3
Fighting       | 4 |  4.4
Armour         | |  3.6
Shields        | |  3.6

Action                   || total
-------------------------++-------
Melee: Flail             ||    82
       Headbutt          ||     3
  Eat: Chunk             ||     1
Armor: Scale mail        ||    43
Dodge: Dodged            ||    27
Block: Shield            ||    40
